 Dungeon Crawl Stone Soup version 0.30-a0-12-gd8047c6341 (webtiles) character file.

Game seed: 13656533421387696985

8553 xian the Cleaver (level 11, -6/94 HPs)
             Began as a Red Draconian Fighter on Aug 24, 2022.
             Was a High Priest of Okawaru.
             Mangled by an efreet
             ... wielding a +3 scimitar of flaming
              (24 damage)
             ... on level 8 of the Dungeon.
             The game lasted 00:33:23 (11571 turns).

xian the Cleaver (Red Draconian Fighter)           Turns: 11571, Time: 00:33:23

Health: -6/94      AC:  9    Str: 22    XL:     11   Next: 11%
Magic:  18/18      EV: 14    Int: 10    God:    Okawaru [*****.]
Gold:   480        SH:  6    Dex: 16    Spells: 20/20 levels left

rFire   + + .      SeeInvis .    a - +0 war axe (drain)
rCold   + . .      Faith    +    b - +0 buckler
rNeg    . . .      Spirit   .    (body armour unavailable)
rPois   .          Reflect  .    (helmet restricted)
rElec   .          Harm     .    z - scarf {rC+ rF+}
rCorr   .          Rampage  .    (no gloves)
Will    +....                    f - +1 pair of boots
Stlth   +++.......               u - amulet of faith
HPRegen 0.25/turn                g - +6 ring of dexterity
MPRegen 0.16/turn                k - ring of willpower

@: about to teleport
A: breathe fire, AC +7, unfitting armour, fire resistance 1, cold-blooded
a: Breathe Fire, Renounce Religion, Heroism, Finesse, Duel


You were on level 8 of the Dungeon.
You worshipped Okawaru.
Okawaru was extremely pleased with you.
You visited 2 branches of the dungeon, and saw 10 of its levels.
You also visited: Ossuary.

You collected 480 gold pieces.

Inventory:

Hand Weapons
 a - a +0 war axe of draining (weapon)
 c - the +4 dagger "Morg" {pain, Will+ Int+5}
   (You found it on level 5 of the Dungeon)

   In the hands of one skilled in necromantic magic, it inflicts extra damage on
   living creatures.
   Int:       It affects your intelligence (+5).
   Will:      It increases your willpower.
Missiles
 l - 4 atropa-tipped darts
 A - 13 poisoned darts (quivered)
 G - a curare-tipped dart
 K - 4 javelins
Armour
 b - a +0 buckler (worn)
 f - a +1 pair of boots (worn)
 z - a scarf of resistance (worn)
Jewellery
 g - a +6 ring of dexterity (left hand)
 k - a ring of willpower (right hand)
 u - an amulet of faith (around neck)
 E - an amulet of the acrobat
 F - a ring of protection from cold
 J - a ring of poison resistance
Wands
 x - a wand of mindburst (21)
 y - a wand of flame (6)
Scrolls
 d - a scroll of magic mapping
 e - a scroll of blinking
 h - 3 scrolls of fear
 j - 4 scrolls of teleportation
 n - 4 scrolls of amnesia
 p - 2 scrolls of enchant armour
 q - a scroll of immolation
 D - a scroll of enchant weapon
 I - a scroll of identify
Potions
 i - 5 potions of heal wounds
 m - 3 potions of flight {unknown}
 o - 3 potions of attraction
 r - 5 potions of curing
 s - 5 potions of brilliance
 t - a potion of lignification
 v - 3 potions of haste
 w - a potion of ambrosia {unknown}
 B - a potion of resistance
 C - a potion of might
 H - a potion of berserk rage {unknown}


   Skills:
 + Level 7.8 Fighting
 + Level 10.7 Axes
 + Level 0.6 Throwing
 + Level 6.2 Dodging
 + Level 4.0 Stealth
 + Level 5.8 Shields
 * Level 5.2 Spellcasting
 * Level 6.7 Fire Magic


You had 20 spell levels left.
You didn't know any spells.
Your spell library contained the following spells:

 Spells                   Type           Power      Damage    Failure   Level
 Scorch                   Fire           32%        2d7       2%          2
 Conjure Flame            Conj/Fire      9%         6-21      22%         3
 Sandblast                Erth           4%         2d4       28%         1
 Ignite Poison            Fire/Tmut/Pois 7%         N/A       34%         3
 Passwall                 Tmut/Erth      1%         N/A       41%         2
 Flame Wave               Conj/Fire      9%         2d6       56%         4
 Sticky Flame             Conj/Fire      9%         2d3       56%         4
 Gell's Gravitas          Tloc           2%         N/A       65%         3
 Ozocubu's Armour         Ice            2%         N/A       65%         3
 Stone Arrow              Conj/Erth      4%         3d7       65%         3
 Teleport Other           Tloc           2%         N/A       65%         3
 Corpse Rot               Necr/Pois/Air  2%         N/A       96%         4
 Dispel Undead            Necr           2%         3d7       96%         4
 Metabolic Englaciation   Hex/Ice        1%         N/A       100%        5
 Dispersal                Tloc           1%         N/A       100%        6
 Ozocubu's Refrigeration  Ice            1%         4d7       100%        7
 Summon Small Mammal      Summ           Unusable   N/A       N/A         1
 Call Canine Familiar     Summ           Unusable   N/A       N/A         3
 Summon Guardian Golem    Hex/Summ       Unusable   N/A       N/A         3
 Death Channel            Necr           Unusable   N/A       N/A         6
 Simulacrum               Ice/Necr       Unusable   N/A       N/A         6
 Summon Cactus Giant      Summ           Unusable   N/A       N/A         6

Dungeon Overview and Level Annotations

Branches:
Dungeon (9/15)             Temple (1/1) D:5         Ossuary (visited)
   Lair: D:8-11         Orc: D:9-12

Altars:
Ashenzari
Cheibriados
Dithmenos
Elyvilon
Fedhas
Gozag
Hepliaklqana
Kikubaaqudgha
Makhleb
Nemelex Xobeh
Okawaru
Ru
Sif Muna
Trog
Uskayaw
Vehumet
Wu Jian
Xom
Yredelemnul
Zin
The Shining One

Shops:
D:4 *   D:5 *


Innate Abilities, Weirdness & Mutations

You can breathe blasts of fire.
Your fiery red scales are hard. (AC +7)
You cannot fit into any form of body armour.
Your flesh is heat resistant. (rF+)
You are cold-blooded and may be slowed by cold attacks.


Message History

As you open the door, it creaks loudly!
You open the door.
Found a stone staircase leading up.
You see here a +0 sling.
The efreet hits you with a +3 scimitar of flaming!
You hit the efreet but do no damage.
You tail-slap the efreet, but do no damage.
The efreet gestures at you.
The fireball explodes!
The fireball engulfs you. You resist.
The fireball engulfs the efreet.
The efreet completely resists.
You hit the efreet but do no damage.
Your tail-slap misses the efreet.
The efreet closely misses you.
You hit the efreet but do no damage.
You tail-slap the efreet, but do no damage.
The efreet hits you with a +3 scimitar of flaming!!
The efreet burns you.
You barely miss the efreet.
You tail-slap the efreet, but do no damage.
The efreet gestures at you.
The fireball explodes!
The fireball engulfs you. You resist.
The fireball engulfs the efreet.
The efreet completely resists.
You slash the efreet!
The efreet is moderately wounded.
The efreet hits you with a +3 scimitar of flaming!!
The efreet burns you.
You hit the efreet.
The efreet is moderately wounded.
The efreet hits you with a +3 scimitar of flaming!
The efreet burns you.
As you read the scroll of teleportation, it crumbles to dust.
You feel strangely unstable.
The efreet hits you with a +3 scimitar of flaming!
* * * LOW HITPOINT WARNING * * *
The efreet burns you.
* * * LOW HITPOINT WARNING * * *
Okay, then.
The efreet attacks as you move away! The efreet closely misses you.
The efreet attacks as you move away!
The efreet hits you with a +3 scimitar of flaming!!
You die...

###.................#.#...
#.......##..........#.#...
#.............#.....#.#...
#.............#.....+.#...
#.............#.....###...
#.).......................
#........#......######....
#....###............)....#
#....# #.@.#############.#
########.R#..##..##.##.#..
#......○#.##..##..##.##.
#.#...#○##..)##..###.##.
#.#...#..#..##..## #.###
#......#)##.#..## ##.###
#......#..#...## ##...##
###......##.##.#####.....#
####........##..#...##...#)).


You could see an efreet.

Vanquished Creatures
  A boulder beetle (D:8)
  A two-headed ogre (D:8)
  A deep elf pyromancer (D:8)
  A slime creature (D:8)
  5 yaks
  A wraith (D:5)
  Eustachio (D:4)
  2 steam dragons
  Menkaure (D:5)
  Edmund (D:5)
  A vampire mosquito (D:9)
  4 water moccasins
  Duvessa (D:5)
  7 orc warriors
  6 ice beasts
  4 black bears
  A sky beast (D:5)
  An ogre (D:5)
  A boggart (shapeshifter) (D:8)
  6 bullfrogs
  3 kobold brigands (D:8)
  5 necrophages
  5 scorpions
  A gnoll sergeant (D:7)
  A wight (D:8)
  Dowan (D:5)
  A killer bee (D:9)
  A spectral bullfrog (D:5)
  2 howler monkeys
  A centaur zombie (Ossuary)
  3 human zombies (Ossuary)
  3 jellies
  A spectral scorpion (D:5)
  4 orc priests
  5 hounds
  4 iguanas
  2 bullfrog skeletons (D:5)
  2 gnoll boudas
  6 orc wizards
  6 mummies (Ossuary)
  16 gnolls
  4 adders
  A shadow imp (D:5)
  3 white imps
  4 ufetubi
  2 worms (D:2)
  29 orcs
  12 endoplasms
  5 giant cockroaches
  2 gnoll zombies (Ossuary)
  11 goblins
  7 hobgoblins
  4 jackals (D:1)
  11 kobolds
  5 quokkas
  14 ball pythons
  5 bats
  5 frilled lizards
  A hobgoblin zombie (Ossuary)
  A kobold zombie (Ossuary)
  5 rats
251 creatures vanquished.

Vanquished Creatures (others)
  A gnoll (D:7)
  19 withered plants (D:5)
20 creatures vanquished.

Grand Total: 271 creatures vanquished

Notes
Turn   | Place    | Note
-------+----------+-------------------------------------------
     0 | D:1      | xian the Draconian Fighter began the quest for the Orb.
     0 | D:1      | Reached XP level 1. HP: 19/19 MP: 1/1
   406 | D:1      | Reached XP level 2. HP: 13/26 MP: 2/2
   613 | D:1      | HP: 1/26 [gnoll/+1 whip of freezing (3)]
   625 | D:1      | Reached XP level 3. HP: 2/31 MP: 3/3
   998 | D:1      | Found a faded altar of an unknown god.
  1012 | D:1      | Reached skill level 3 in Axes
  1467 | D:2      | Reached XP level 4. HP: 39/40 MP: 4/4
  2500 | D:3      | Reached skill level 4 in Axes
  2757 | D:3      | Reached XP level 5. HP: 44/46 MP: 5/5
  2896 | D:3      | Found an opulent altar of Gozag.
  2896 | D:3      | Found a white marble altar of Elyvilon.
  2897 | D:3      | Found a shimmering blue altar of Sif Muna.
  2901 | D:3      | Found a basalt altar of Yredelemnul.
  2983 | D:4      | Found Zin's Purification Station.
  2983 | D:4      | Found a glowing silver altar of Zin.
  3383 | D:4      | Reached skill level 1 in Stealth
  3508 | D:4      | Reached XP level 6. HP: 40/53 MP: 6/6
  3634 | D:4      | Reached skill level 5 in Axes
  3908 | D:4      | Noticed Eustachio
  3920 | D:4      | Killed Eustachio
  3921 | D:4      | Your scales start taking on a fiery red colour.
  3921 | D:4      | Reached XP level 7. HP: 34/60 MP: 7/7
  3921 | D:4      | Gained mutation: Your flesh is heat resistant. (rF+) [Red
                  | Draconian growth]
  4371 | D:5      | Entered Level 5 of the Dungeon
  4377 | D:5      | Reached skill level 6 in Axes
  4385 | D:5      | Reached skill level 5 in Fighting
  4496 | D:5      | Reached XP level 8. HP: 52/68 MP: 8/8
  4504 | D:5      | Reached skill level 7 in Axes
  4903 | D:5      | Found the +4 dagger "Morg" {pain, Will+ Int+5}
  4934 | D:5      | Reached skill level 1 in Fire Magic
  5199 | D:5      | Found Dablymoe's Assorted Antiques.
  5219 | D:5      | Reached skill level 1 in Spellcasting
  5230 | D:5      | Noticed Dowan
  5249 | D:5      | Killed Dowan
  5250 | D:5      | Reached skill level 5 in Dodging
  5479 | D:5      | Found a staircase to the Ecumenical Temple.
  5479 | D:5      | Noticed Edmund
  5494 | D:5      | Killed Edmund
  5503 | Temple   | Entered the Ecumenical Temple
  5520 | Temple   | Became a worshipper of Warmaster Okawaru
  5746 | D:5      | Noticed Duvessa
  5763 | D:5      | Killed Duvessa
  5764 | D:5      | Reached skill level 8 in Axes
  5764 | D:5      | Reached XP level 9. HP: 36/75 MP: 11/11
  6106 | D:5      | Noticed Menkaure
  6122 | D:5      | Killed Menkaure
  6346 | D:6      | Found a shadowy altar of Dithmenos.
  6838 | D:6      | Found a broken altar of Ashenzari.
  7344 | D:7      | Reached * piety under Okawaru
  7444 | D:7      | Found a sand-covered staircase.
  7463 | Ossuary  | Entered an ossuary
  7834 | D:7      | Reached skill level 9 in Axes
  7932 | D:7      | Reached ** piety under Okawaru
  7933 | D:7      | Reached skill level 5 in Fire Magic
  7949 | D:7      | Reached XP level 10. HP: 37/84 MP: 16/16
  7981 | D:7      | Found a radiant altar of Vehumet.
  8453 | D:7      | Reached *** piety under Okawaru
  8460 | D:7      | Found a glowing golden altar of the Shining One.
  8641 | D:7      | Found a sparkling altar of Nemelex Xobeh.
  9182 | D:8      | Reached skill level 5 in Shields
  9241 | D:8      | Noticed a boulder beetle
  9268 | D:8      | Killed a boulder beetle
  9269 | D:8      | Reached skill level 10 in Axes
  9589 | D:8      | Noticed a deep elf pyromancer
  9674 | D:9      | Reached **** piety under Okawaru
  9675 | D:9      | Identified the +2 ring mail of Utud {rF+ Str+4}
 10161 | D:8      | Killed a deep elf pyromancer
 10162 | D:8      | Reached skill level 5 in Spellcasting
 10256 | D:8      | Noticed a centaur warrior
 10257 | D:8      | Noticed a two-headed ogre
 10258 | D:8      | Noticed a white ugly thing
 10258 | D:8      | Noticed a white ugly thing
 10261 | D:8      | Noticed a two-headed ogre
 10631 | D:8      | Killed a two-headed ogre
 10631 | D:8      | Reached ***** piety under Okawaru
 10817 | D:8      | Reached XP level 11. HP: 53/93 MP: 18/18
 11571 | D:8      | Mangled by an efreet

Illustrated notes

Levels and vault maps discovered:
D:1:      tarquinn_simple_flora_water_d, layout_rooms,
          ebering_ecumenical_altar_sacrificial
D:2:      layout_basic
D:3:      layout_loops_ring, minitemple
D:4:      minmay_chambers_of_fours, layout_loops_ring, zin_purify,
          minmay_vboxes, uniq_eustachio
D:5:      minmay_diamond_boxcup, layout_layer_cave, minmay_temple_entry_grid,
          serial_shops, nicolae_shop_advertising_works
          [nicolae_subvault_shop_adworks], dilly_guarded_unrand_morg,
          uniq_menkaure, uniq_edmund, uniq_duvessa
D:6:      layout_loops_ring, nicolae_dithmenos_through_a_glass_darkly,
          mainiacjoe_overflow_alcove_1
D:7:      layout_loops_cross, fiery_altar_vehumet, nemelex_spade_bored_becter,
          lemuel_round_altar, nicolae_ossuary_entry_ruins,
          hangedman_abyss_or_decor_passed
D:8:      minmay_the_grid_triangle_9x9_rhombus_thin
          [minmay_the_grid_triangle_9x9_warning,
          minmay_the_grid_triangle_9x9_prize_center,
          minmay_the_grid_triangle_9x9_semitri,
          minmay_the_grid_triangle_9x9_sprig], layout_basic,
          minmay_increasing_density
D:9:      layout_basic, erik_orc_3, uniq_prince_ribbit1
Temple:   minmay_freezing_vapour_temple

Skill      XL: |  1  2  3  4  5  6  7  8  9 10 11 |
---------------+----------------------------------+-----
Dodging        | 3 4 5 6 |  6.2
Axes           | 3 4 5 6 8 9 10 | 10.7
Fighting       | 4 5 6 7 |  7.8
Stealth        | 1 2 3 4 |  4.0
Shields        | 4 5 |  5.8
Fire Magic     | 3 5 6 |  6.7
Spellcasting   | 1 4 5 |  5.2
Throwing       | |  0.6

Action                   |  1- 3 |  4- 6 |  7- 9 | 10-12 || total
-------------------------+-------+-------+-------+-------++-------
Melee: War axe           |    94 |   146 |   332 |   251 ||   823
       Tailslap          |     6 |    14 |    58 |    34 ||   112
Throw: Dart              |       |       |     1 |     9 ||    10
Invok: Heroism           |       |       |       |     1 ||     1
 Abil: Breathe Fire      |       |       |    11 |     4 ||    15
  Use: Scroll            |       |     5 |    14 |     3 ||    22
       Potion            |       |     1 |       |       ||     1
 Stab: Sleeping          |     4 |     5 |     7 |     4 ||    20
       Distracted        |     1 |       |       |       ||     1
       Invisible         |       |       |     1 |       ||     1
Armor: Skin              |    44 |    30 |    86 |    56 ||   216
Dodge: Dodged            |    94 |    93 |   231 |   131 ||   549
Block: Buckler           |    30 |    37 |    84 |    70 ||   221

Table legend: (Time is in decaauts)
 A = Elapsed time spent in this place.
 B = Non-inter-level travel time spent in this place.
 C = Inter-level travel time spent in this place.
 D = Time resting spent in this place.
 E = Time spent auto-exploring this place.
 F = Levels seen in this place.
 G = Mean time per level.
                   A        B        C        D        E       F      G
               +--------+--------+--------+--------+--------+-----+--------+
         Total |  11720 |  11553 |    167 |    299 |   8260 |  11 | 1065.5 |
       Dungeon |  11402 |  11235 |    167 |    299 |   8253 |   9 | 1266.9 |
        Temple |     24 |     24 |      0 |      0 |      0 |   1 |   24.0 |
       Ossuary |    293 |    293 |      0 |      0 |      7 |   1 |  293.0 |
               +--------+--------+--------+--------+--------+-----+--------+

Top non-repeatable levels by time:
     D:8: 2402 daAuts
     D:5: 1971 daAuts
     D:4: 1407 daAuts
     D:1: 1271 daAuts
     D:7: 1152 daAuts
     D:3: 1016 daAuts
     D:6: 953 daAuts
     D:2: 766 daAuts
     D:9: 462 daAuts
 Ossuary: 293 daAuts
  Temple: 24 daAuts
